 Dungeon Crawl Stone Soup version 0.30.0-19-g36f170ea60 (webtiles) character file.

Game seed: 14602735315757730324

2224 Graphine the Conjurer (level 9, -2/61 (72) HPs)
             Began as a Red Draconian Ice Elementalist on May 28, 2023.
             Slain by Joseph
             ... wielding a +2 quarterstaff of draining
              (4 damage)
             ... on level 7 of the Dungeon.
             The game lasted 00:22:50 (6599 turns).

Graphine the Conjurer (DrIE)                        Turns: 6599, Time: 00:22:50

HP:   -2/61 (72)    AC: 13    Str: 11    XL:     9   Next: 13%
MP:   7/15          EV: 13    Int: 17    God:
Gold: 403           SH:  0    Dex: 12    Spells: 9/16 levels left

rFire   + . .        j - +8 war axe of Outrage {flame, rElec}
rCold   . . .        (no shield)
rNeg    . . .        (body armour unavailable)
rPois   +            (helmet restricted)
rElec   +            (no cloak)
rCorr   .            (no gloves)
SInv    .            (no boots)
Will    ++...        (no amulet)
Stlth   ++           p - ring of willpower
HPRegen 0.30/turn    s - ring of poison resistance
MPRegen 0.14/turn

%: no passive effects
@: ice-armoured, heavily drained
A: breathe fire, AC +7, unfitting armour, fire resistance 1, cold-blooded, dopey
1, strong-willed 1, MP-powered wands
a: Breathe Fire


You were on level 7 of the Dungeon.
You visited 2 branches of the dungeon, and saw 8 of its levels.

You collected 403 gold pieces.

Inventory:

Hand Weapons
 e - a +2 shortbow of flaming
 j - the +8 war axe of Outrage (weapon) {flame, rElec}
   (You found it on level 2 of the Dungeon)

   rElec:     It insulates you from electricity.
Missiles
 c - 24 poisoned darts
 l - 5 atropa-tipped darts (quivered)
 t - a curare-tipped dart
Armour
 w - a +1 cloak
 x - a scarf of resistance
Jewellery
 p - a ring of willpower (left hand)
 q - a ring of protection from fire
 r - a ring of flight
 s - a ring of poison resistance (right hand)
 A - a +6 ring of intelligence
Scrolls
 f - 2 scrolls of fear
 g - a scroll of noise
 n - 2 scrolls of poison
 u - a scroll of teleportation
 y - a scroll of enchant weapon
Potions
 a - a potion of curing
 b - 2 potions of cancellation
 d - a potion of resistance
 h - 3 potions of attraction {unknown}
 i - 2 potions of degeneration {unknown}
 k - 2 potions of haste
 m - a potion of ambrosia {unknown}
 o - 2 potions of heal wounds {unknown}
 B - a potion of might {unknown}


   Skills:
 + Level 4.3 Fighting
 + Level 3.9 Axes
 + Level 4.1 Dodging
 - Level 1.7 Stealth
 + Level 4.2 Spellcasting
 * Level 5.9 Conjurations
 * Level 4.5 Fire Magic
 - Level 5.2 Ice Magic


You had 9 spell levels left.
You knew the following spells:

 Your Spells              Type           Power      Damage    Failure   Level
a - Freeze                Ice            84%        1d9       1%          1
b - Frozen Ramparts       Ice            42%        1d7       5%          3
c - Ozocubu's Armour      Ice            21%        N/A       5%          3

Your spell library contained the following spells:

 Spells                   Type           Power      Damage    Failure   Level
 Mephitic Cloud           Conj/Pois/Air  10%        N/A       21%         3
 Poisonous Vapours        Pois/Air       6%         N/A       24%         2
 Summon Ice Beast         Ice/Summ       12%        N/A       45%         4
 Freezing Cloud           Conj/Ice/Air   8%         6-21      67%         5


Dungeon Overview and Level Annotations

Branches:
Dungeon (7/15)             Temple (1/1) D:6

Altars:
Ashenzari
Cheibriados
Dithmenos
Elyvilon
Fedhas
Gozag
Hepliaklqana
Kikubaaqudgha
Makhleb
Nemelex Xobeh
Okawaru
Qazlal
Ru
Sif Muna
Trog
Vehumet
Xom
Yredelemnul
Zin
The Shining One

Annotations:
D:7 Joseph


Innate Abilities, Weirdness & Mutations

You can breathe blasts of fire.
Your fiery red scales are hard. (AC +7)
You cannot fit into any form of body armour.
Your flesh is heat resistant. (rF+)
You are cold-blooded and may be slowed by cold attacks.
You are dopey. (Int -2)
You are strong-willed. (Will+)
You expend magic power (3 MP) to strengthen your wands.


Message History

Confirm with . or Enter, or press ? or * to list all spells.
A film of ice covers your body!
The wall freezes Joseph.
The wall freezes Joseph.
Joseph shoots a sling bullet.
The sling bullet hits you.
The wall freezes Joseph.
Cleave: j) +8 war axe of Outrage {flame, rElec}
Press: ? - help, Dir - move target, f - Joseph
Aim: Joseph, wielding a +0 sling and wearing a +0 leather armour (moderately wounded, fast, about 33% to evade the +8 war axe of Outrage)
You closely miss Joseph.
Joseph is moderately wounded.
The wall freezes Joseph.
Joseph unwields a +0 sling.
Joseph wields a +2 quarterstaff of draining.
You sense an unholy aura.
Joseph hits you with a +2 quarterstaff of draining.
You feel drained.
Cleave: j) +8 war axe of Outrage {flame, rElec}
Press: ? - help, Dir - move target, f/p - Joseph
Aim: Joseph, wielding a +2 quarterstaff of draining and wearing a +0 leather armour (moderately wounded, fast, about 33% to evade the +8 war axe of Outrage)
You hit Joseph but do no damage.
Joseph is moderately wounded.
The wall freezes Joseph but does no damage.
Joseph hits you with a +2 quarterstaff of draining.
You feel drained.
The wall freezes Joseph but does no damage.
Joseph hits you with a +2 quarterstaff of draining!
You feel drained.
Cleave: j) +8 war axe of Outrage {flame, rElec}
Press: ? - help, Dir - move target, f/p - Joseph
Aim: Joseph, wielding a +2 quarterstaff of draining and wearing a +0 leather armour (moderately wounded, fast, about 33% to evade the +8 war axe of Outrage)
You barely miss Joseph.
Joseph is moderately wounded.
The frozen ramparts melt away.
Joseph hits you with a +2 quarterstaff of draining!
* * * LOW HITPOINT WARNING * * *
You feel drained.
* * * LOW HITPOINT WARNING * * *
Joseph barely misses you.
Joseph hits you with a +2 quarterstaff of draining!
* * * LOW HITPOINT WARNING * * *
You feel drained.
You die...

###.# #### # #.# ...#
.#
###.###########.#.###
#.#
.....................
....
#.#######...#...#.##
.@.. #.#
#.#.#†###.###..# #.#
#.#.#.....#... #.#
#.#.#..####.# #.#
#.#.#...@@:.# #.#
#.#.##.####.......
..#######.#....#
.......
.......##.######
....... .......#
....... .......#
....... †.######
<...... ..## ..F....
#..#


You could see Joseph (fast).

Vanquished Creatures
  Sigmund (D:3)
  A shadow (D:5)
  Duvessa (D:5)
  A water moccasin (D:7)
  A black bear (D:7)
  An ice beast (D:7)
  3 centaurs
  2 kobold brigands
  Blork the orc (D:6)
  2 bullfrogs
  3 scorpions
  Dowan (D:5)
  2 howler monkeys (D:7)
  2 jellies (D:5)
  Crazy Yiuf (D:4)
  2 gnoll boudas
  2 orc priests (D:5)
  3 iguanas
  2 sleepcaps
  An orc wizard (D:5)
  7 gnolls
  7 adders
  2 river rats (D:6)
  A white imp (D:6)
  2 ufetubi
  2 worms
  2 dart slugs
  14 orcs
  9 ball pythons
  6 bats
  4 endoplasms
  2 giant cockroaches
  4 goblins
  5 hobgoblins
  2 jackals (D:4)
  16 kobolds
  2 quokkas
  2 frilled lizards
  5 rats
127 creatures vanquished.

Notes
Turn   | Place    | Note
-------+----------+-------------------------------------------
     0 | D:1      | Graphine the Draconian Ice Elementalist began the quest for
                  | the Orb.
     0 | D:1      | Reached XP level 1. HP: 14/14 MP: 3/3
   359 | D:1      | Reached XP level 2. HP: 22/22 MP: 3/5
   999 | D:2      | Identified the +8 war axe of Outrage {flame, rElec}
  1172 | D:2      | Reached skill level 1 in Conjurations
  1743 | D:3      | Reached XP level 3. HP: 21/27 MP: 6/6
  1757 | D:3      | Reached skill level 1 in Fighting
  2415 | D:3      | Noticed Sigmund
  2423 | D:3      | Killed Sigmund
  2424 | D:3      | Reached skill level 1 in Axes
  2424 | D:3      | Reached skill level 5 in Ice Magic
  2424 | D:3      | Reached XP level 4. HP: 32/36 MP: 7/7
  2424 | D:3      | Reached XP level 5. HP: 36/41 MP: 8/8
  3085 | D:4      | Reached XP level 6. HP: 48/48 MP: 8/10
  3120 | D:4      | Learned a level 3 spell: Frozen Ramparts
  3124 | D:4      | Learned a level 3 spell: Ozocubu's Armour
  3383 | D:4      | Found a runed translucent door.
  3384 | D:4      | Noticed Crazy Yiuf
  3393 | D:4      | Killed Crazy Yiuf
  3651 | D:5      | Entered Level 5 of the Dungeon
  3665 | D:5      | Noticed a shadow
  3686 | D:5      | Killed a shadow
  3687 | D:5      | Your scales start taking on a fiery red colour.
  3687 | D:5      | Reached XP level 7. HP: 23/56 MP: 2/11
  3687 | D:5      | Gained mutation: Your flesh is heat resistant. (rF+) [Red
                  | Draconian growth]
  3829 | D:5      | Found a blossoming altar of Fedhas.
  3967 | D:5      | Noticed Dowan
  3967 | D:5      | Noticed Duvessa
  3977 | D:5      | Killed Duvessa
  3978 | D:5      | Reached skill level 5 in Ice Magic
  3978 | D:5      | Killed Dowan
  4108 | D:5      | Reached XP level 8. HP: 43/63 MP: 5/13
  4230 | D:5      | Reached skill level 1 in Fire Magic
  4824 | D:5      | Found a bloodstained altar of Trog.
  5051 | D:6      | Found a staircase to the Ecumenical Temple.
  5088 | Temple   | Entered the Ecumenical Temple
  5124 | D:6      | Reached skill level 5 in Conjurations
  5423 | D:6      | Gained mutation: You are dopey. (Int -2) [potion of
                  | mutation]
  5423 | D:6      | Gained mutation: You are strong-willed. (Will+) [potion of
                  | mutation]
  5423 | D:6      | Gained mutation: You expend magic power (3 MP) to
                  | strengthen your wands. [potion of mutation]
  5447 | D:6      | Found a glowing drain.
  5668 | D:6      | Noticed Blork the orc
  5682 | D:6      | Killed Blork the orc
  6120 | D:6      | Found a shimmering blue altar of Sif Muna.
  6120 | D:6      | Found a sacrificial altar of Ru.
  6125 | D:6      | Found a glowing silver altar of Zin.
  6131 | D:6      | Found a sparkling altar of Nemelex Xobeh.
  6133 | D:6      | Found a broken altar of Ashenzari.
  6249 | D:7      | Found a burning altar of Makhleb.
  6420 | D:7      | Reached XP level 9. HP: 71/71 MP: 9/15
  6587 | D:7      | Noticed Joseph
  6599 | D:7      | HP: 2/63 [Joseph/+2 quarterstaff of draining (11)]
  6599 | D:7      | Slain by Joseph

Illustrated notes

Levels and vault maps discovered:
D:1:      lightli_molten_gateway, layout_loops_ring
D:2:      layout_loops_ring
D:3:      layout_loops_cross, serial_co_window_serial, co_window_paths_b,
          co_window_corner_a, co_window_paths_b, co_window_paths_b,
          co_window_corner_a, co_window_2corner, co_window_unsneaky_path_b,
          co_window_corner_ca, co_window_corner_b, co_window_2corner,
          co_window_paths_e, glass_columns_a, glass_columns_a, glass_columns_a,
          glass_columns_c, uniq_sigmund
D:4:      layout_cave_pools, uniq_crazy_yiuf_cottage
D:5:      layout_basic, fedhas_ov_isle_minmay, lightli_temple_of_fire,
          uniq_duvessa
D:6:      layout_loops_ring, chequers_temple_overflow_minitemple, temple_pool_b,
          portal_sewer_entry_a, uniq_blork_the_orc
D:7:      layout_basic, bloody_makhleb, nicolae_overflow_hidden_temple,
          uniq_joseph
Temple:   nicolae_temple_no_exploring_needed

Skill      XL: |  1  2  3  4  5  6  7  8 |
---------------+-------------------------+-----
Dodging        | 2 3 4 |  4.1
Conjurations   | 1 2 3 4 5 |  5.9
Fighting       | 1 2 3 4 |  4.3
Axes           | 1 2 3 |  3.9
Ice Magic      | 5 4 5 |  5.2
Spellcasting   | 3 4 |  4.2
Fire Magic     | 4 |  4.5
Stealth        | |  1.7

Action                     |  1- 3 |  4- 6 |  7- 9 || total
---------------------------+-------+-------+-------++-------
  Melee: Unarmed           |    13 |       |       ||    13
         Tailslap          |     5 |     9 |    11 ||    25
         War axe           |    32 |    52 |   106 ||   190
         Mace              |     3 |       |       ||     3
         Punch             |       |     1 |     3 ||     4
  Throw: Dart              |     5 |     4 |     6 ||    15
   Cast: Freeze            |    19 |     1 |     1 ||    21
         Frozen Ramparts   |       |     2 |    30 ||    32
         Ozocubu's Armour  |       |     2 |    17 ||    19
Ability: Breathe Fire      |       |       |     6 ||     6
    Use: Scroll            |     6 |     2 |     7 ||    15
         Potion            |       |     3 |     2 ||     5
   Stab: Sleeping          |     7 |       |       ||     7
         Invisible         |       |       |     2 ||     2
 Armour: Skin              |    18 |    24 |    35 ||    77
  Dodge: Dodged            |    28 |    47 |   102 ||   177
